[Event "4th Baskent University Open 2019"]
[Site "Ankara"]
[Date "2019.06.18"]
[Round "3"]
[White "Iskandarov, Misratdin"]
[Black "Arat, Ufuk Sezen"]
[Result "1/2-1/2"]
[ECO "B11"]
[WhiteElo "2502"]
[BlackElo "2368"]
[Annotator "ChessBase"]
[PlyCount "146"]
[EventDate "2019.06.18"]
[EventType "swiss"]
[EventCountry "TUR"]
[SourceTitle "playchess.com"]
[Source "ChessBase"]
[SourceQuality "1"]
[TimeControl "5400+30"]

1. e4 c6 2. Nc3 d5 3. Nf3 Nf6 4. e5 Ne4 5. Ne2 Qb6 6. d4 e6 7. Nfg1 f6 8. f3 Ng5 9. exf6 gxf6 10. f4 Nf7 11. Nf3 c5 12. f5 Nc6 13. Nf4 Nxd4 14. Nxd4 cxd4 15. fxe6 Bxe6 16. Bd3 O-O-O 17. O-O Kb8 18. a4 Ne5 19. a5 Qc6 20. Nxe6 Qxe6 21. Bf5 Qc6 22. Kh1 Bc5 23. a6 bxa6 24. b3 h5 25. Bf4 Kb7 26. Qd2 Bb6 27. Qe2 Qb5 28. Qe1 Rhe8 29. Qh4 Ng4 30. Bd3 Qd7 31. Bg3 a5 32. h3 Ne5 33. Rxf6 Nxd3 34. cxd3 Qb5 35. Rf7+ Ka6 36. Be1 Qxb3 37. Qf6 a4 38. Qc6 a3 39. Rb1 Rxe1+ 40. Rxe1 Ka5 41. Ra1 Qc3 42. Rc1 Qxc6 43. Rxc6 Re8 44. Rf1 Re2 45. g4 Re3 46. g5 Rxh3+ 47. Kg2 Rh4 48. Rf3 a2 49. Rc1 Kb4 50. g6 Bc7 51. Rf7 Rg4+ 52. Kf3 Bb6 53. g7 Kb3 54. Rh1 Kb2 55. Re7 Bc5 56. Re2+ Kb3 57. Rg2 Rxg7 58. Rxg7 a5 59. Rgg1 Bb4 60. Rxh5 Bc3 61. Rxd5 a4 62. Rb5+ Ka3 63. Ke4 a1=Q 64. Rxa1+ Bxa1 65. Kd5 Ka2 66. Kc4 a3 67. Rg5 Bc3 68. Rg2+ Bb2 69. Rc2 Kb1 70. Kb3 Bc1 71. Rg2 Bb2 72. Rg1+ Bc1 73. Rg2 Bb2 1/2-1/2

[Event "4th Baskent University Open 2019"]
[Site "Ankara"]
[Date "2019.06.18"]
[Round "3"]
[White "Nagy, Gabor"]
[Black "Guseynov, Alihan"]
[Result "1-0"]
[ECO "A36"]
[WhiteElo "2471"]
[BlackElo "2274"]
[Annotator "ChessBase"]
[PlyCount "57"]
[EventDate "2019.06.18"]
[EventType "swiss"]
[EventCountry "TUR"]
[SourceTitle "playchess.com"]
[Source "ChessBase"]
[SourceQuality "1"]
[TimeControl "5400+30"]

1. c4 Nf6 2. Nc3 g6 3. e4 d6 4. g3 Bg7 5. Bg2 c5 6. Nge2 Nc6 7. d3 O-O 8. O-O Ne8 9. Be3 Nd4 10. Rb1 Nc7 11. b4 Rb8 12. f4 b6 13. h3 Bb7 14. Kh2 f5 15. bxc5 bxc5 16. Bg1 Bc6 17. Nxd4 cxd4 18. Rxb8 Qxb8 19. Nd5 Bxd5 20. cxd5 Nb5 21. exf5 Rxf5 22. Qb3 Qb6 23. Rc1 Qa5 24. Rc4 Nc3 25. Bxd4 Bxd4 26. Rxd4 Ne2 27. Qb4 Qxa2 28. Re4 Qc2 29. Qe1 1-0

[Event "4th Baskent University Open 2019"]
[Site "Ankara"]
[Date "2019.06.18"]
[Round "3"]
[White "Mammadov, Zaur"]
[Black "Ozenir, Ekin Baris"]
[Result "1/2-1/2"]
[ECO "B11"]
[WhiteElo "2428"]
[BlackElo "2250"]
[Annotator "NA"]
[PlyCount "131"]
[EventDate "2019.06.18"]
[EventType "swiss"]
[EventCountry "TUR"]
[SourceTitle "playchess.com"]
[Source "ChessBase"]
[SourceQuality "1"]
[TimeControl "5400+30"]

1. e4 c6 2. Nc3 d5 3. Nf3 Bg4 4. h3 Bxf3 5. Qxf3 e6 6. d3 Nd7 7. Bd2 Ngf6 8. g4 h6 9. O-O-O Qb6 10. Qg3 O-O-O 11. e5 d4 12. exf6 dxc3 13. Bxc3 Nxf6 14. Bg2 Nd5 15. Bd2 Bd6 16. Qf3 Qc7 17. Kb1 Rhf8 18. h4 Nf4 19. Bf1 g5 20. Re1 e5 21. Qe4 f6 22. Be3 Qa5 23. c3 Kb8 24. hxg5 hxg5 25. Rh7 Rh8 26. Rxh8 Rxh8 27. Qf5 Qd8 28. Qe4 Qd7 29. f3 Rh1 30. Qc4 b6 31. Rc1 Nd5 32. Bf2 Kb7 33. a4 Nc7 34. a5 b5 35. Qe4 Ne6 36. a6+ Kxa6 37. c4 bxc4 38. d4 Kb7 39. d5 Nc7 40. Qxc4 Nxd5 41. Qa4 Kb8 42. Qb3+ Ka8 43. Ka1 Bc7 44. Qa3 Bb6 45. Bxb6 Nxb6 46. Qc5 Rh8 47. Be2 Rc8 48. Rd1 Nd5 49. Bc4 Rd8 50. Rd3 Qb7 51. Rb3 Nb6 52. Bd3 Kb8 53. Ra3 Qc7 54. Be4 Rd6 55. Rc3 Qe7 56. Rc1 Qc7 57. Bxc6 Nc8 58. Rc4 Nb6 59. Rc3 Rd1+ 60. Ka2 Qd6 61. Qb5 Qe6+ 62. Rb3 Rd4 63. Be4 Qd7 64. Bc6 Qe6 65. Be4 Qd7 66. Bc6 1/2-1/2

[Event "4th Baskent University Open 2019"]
[Site "Ankara"]
[Date "2019.06.18"]
[Round "3"]
[White "Nikcevic, Nebojsa"]
[Black "Gulbeyaz, Emir"]
[Result "1/2-1/2"]
[ECO "D70"]
[WhiteElo "2420"]
[BlackElo "2157"]
[Annotator "NA"]
[PlyCount "48"]
[EventDate "2019.06.18"]
[EventType "swiss"]
[EventCountry "TUR"]
[SourceTitle "playchess.com"]
[Source "ChessBase"]
[SourceQuality "1"]
[TimeControl "5400+30"]

1. c4 Nf6 2. Nc3 d5 3. cxd5 Nxd5 4. Nf3 g6 5. e4 Nb6 6. d4 Bg7 7. h3 O-O 8. Be3 Nc6 9. Qd2 f5 10. e5 Nb4 11. a3 N4d5 12. Nxd5 Nxd5 13. Bc4 Kh8 14. Bg5 f4 15. Bxd5 Qxd5 16. Bxe7 Re8 17. Bb4 b6 18. O-O a5 19. Bc3 Bxh3 20. Ne1 Bd7 21. Qxf4 Bb5 22. Nc2 Bxf1 23. Ne3 Qb3 24. Rxf1 c6 1/2-1/2

[Event "4th Baskent University Open 2019"]
[Site "Ankara"]
[Date "2019.06.18"]
[Round "3"]
[White "Can, Isik"]
[Black "Buker, Muhittin"]
[Result "1-0"]
[ECO "B98"]
[WhiteElo "2379"]
[BlackElo "1991"]
[Annotator "NA"]
[PlyCount "61"]
[EventDate "2019.06.18"]
[EventType "swiss"]
[EventCountry "TUR"]
[SourceTitle "playchess.com"]
[Source "ChessBase"]
[SourceQuality "1"]
[TimeControl "5400+30"]

1. e4 c5 2. Nf3 d6 3. d4 cxd4 4. Nxd4 Nf6 5. Nc3 a6 6. Bg5 e6 7. f4 Be7 8. Qf3 Qc7 9. O-O-O b5 10. e5 Bb7 11. Qg3 dxe5 12. fxe5 Nh5 13. Qh4 g6 14. Bxb5+ axb5 15. Ndxb5 Bxg5+ 16. Qxg5 Qe7 17. Nd6+ Kf8 18. Qxe7+ Kxe7 19. Nxb7 Nd7 20. Rhe1 Rhb8 21. Nd6 Ra5 22. Nxf7 Nf4 23. g3 Nd5 24. Nxd5+ exd5 25. e6 Nf6 26. a3 Ne4 27. Ne5 Rc8 28. Nd3 Kxe6 29. Nf4+ Ke5 30. b4 Rb5 31. a4 1-0

[Event "4th Baskent University Open 2019"]
[Site "Ankara"]
[Date "2019.06.18"]
[Round "3"]
[White "Koksal, Ege"]
[Black "Grigoriev, Armen"]
[Result "1-0"]
[ECO "D38"]
[WhiteElo "2363"]
[BlackElo "1986"]
[Annotator "NA"]
[PlyCount "79"]
[EventDate "2019.06.18"]
[EventType "swiss"]
[EventCountry "TUR"]
[SourceTitle "playchess.com"]
[Source "ChessBase"]
[SourceQuality "1"]
[TimeControl "5400+30"]

1. d4 Nf6 2. c4 e6 3. Nf3 d5 4. Nc3 Bb4 5. Qb3 a5 6. Bg5 c6 7. e3 Nbd7 8. Be2 O-O 9. O-O Be7 10. Rac1 dxc4 11. Bxc4 Nd5 12. Bxe7 Qxe7 13. e4 Nxc3 14. Qxc3 b6 15. Rfe1 Bb7 16. d5 Nc5 17. dxe6 Nxe6 18. Qe5 c5 19. Rcd1 Rad8 20. Bd5 Rfe8 21. h3 h6 22. Qg3 Bc8 23. Ne5 Qc7 24. Nc4 Nf4 25. a4 Ba6 26. b3 Bxc4 27. bxc4 Ne6 28. Qxc7 Nxc7 29. Bc6 Rf8 30. Rxd8 Rxd8 31. Rb1 Rd4 32. Rxb6 Rxc4 33. Rb8+ Kh7 34. Rb7 Ne6 35. Bd5 Rxa4 36. Rxf7 Nd4 37. Kh2 Ne2 38. e5 Nf4 39. Bc6 Kg6 40. Be8 1-0

[Event "4th Baskent University Open 2019"]
[Site "Ankara"]
[Date "2019.06.18"]
[Round "3"]
[White "Babayev, Talib"]
[Black "Sakalli, Mustafa"]
[Result "1/2-1/2"]
[ECO "A00"]
[WhiteElo "2290"]
[BlackElo "1916"]
[Annotator "NA"]
[PlyCount "111"]
[EventDate "2019.06.18"]
[EventType "swiss"]
[EventCountry "TUR"]
[SourceTitle "playchess.com"]
[Source "ChessBase"]
[SourceQuality "1"]
[TimeControl "5400+30"]

1. Nc3 d5 2. e4 dxe4 3. Nxe4 g6 4. Bc4 Bg7 5. Nf3 Nf6 6. Neg5 O-O 7. Ne5 e6 8. d4 c5 9. O-O Nc6 10. Nxc6 bxc6 11. dxc5 Qa5 12. Qd6 Rd8 13. Qxc6 Bd7 14. Qa6 Qxc5 15. Be3 Qc7 16. h3 h6 17. Nf3 Bc6 18. Nd4 Bb7 19. Qa4 Nd5 20. Bxd5 Rxd5 21. Rfd1 Ra5 22. Qb4 Rb8 23. Qe1 Rh5 24. b3 a6 25. Rac1 e5 26. Ne2 Qc6 27. f3 Rxh3 28. Ng3 Rxg3 29. Qxg3 f5 30. Qh3 Kh7 31. c4 f4 32. Bf2 Bc8 33. Qh2 g5 34. c5 Bf8 35. Re1 Qf6 36. c6 Bf5 37. Kh1 Rc8 38. Bc5 Bg7 39. Qg1 h5 40. Ba3 g4 41. Qh2 Kg6 42. g3 fxg3 43. Qxg3 Rxc6 44. fxg4 hxg4 45. Rxc6 Qxc6+ 46. Qg2 Qc3 47. Rc1 Qf3 48. Qxf3 gxf3 49. Bb2 Be4 50. Kg1 Kf5 51. Rc5 Bf6 52. a4 Bd3 53. Kf2 Kg4 54. Ke3 Be2 55. Rxe5 Bg5+ 56. Rxg5+ 1/2-1/2

[Event "4th Baskent University Open 2019"]
[Site "Ankara"]
[Date "2019.06.18"]
[Round "3"]
[White "Mohannad, Farhan"]
[Black "Yarar, Bora"]
[Result "1/2-1/2"]
[ECO "E93"]
[WhiteElo "2193"]
[BlackElo "1732"]
[Annotator "NA"]
[PlyCount "120"]
[EventDate "2019.06.18"]
[EventType "swiss"]
[EventCountry "TUR"]
[SourceTitle "playchess.com"]
[Source "ChessBase"]
[SourceQuality "1"]
[TimeControl "5400+30"]

1. d4 Nf6 2. Nf3 g6 3. c4 Bg7 4. Nc3 O-O 5. e4 d6 6. Be2 Nbd7 7. Bg5 h6 8. Bh4 e5 9. d5 g5 10. Bg3 Nc5 11. Nd2 a5 12. O-O Nh7 13. Bg4 Nd3 14. Bxc8 Qxc8 15. Qc2 Nf4 16. f3 Nf6 17. Rfe1 Kh8 18. Nd1 Rg8 19. Ne3 N6h5 20. Nf5 Qd7 21. Nf1 Nf6 22. N1e3 h5 23. h3 Bf8 24. b3 Rg6 25. Qd1 Be7 26. Kf2 Kh7 27. Rh1 Rh8 28. a3 Kg8 29. b4 Kf8 30. bxa5 Rhg8 31. Rb1 Qc8 32. Qb3 Qa8 33. Qc3 g4 34. hxg4 hxg4 35. Rh6 Rxh6 36. Nxh6 gxf3 37. Qc2 Rxg3 38. Kxg3 Ne2+ 39. Kh2 Nd4 40. Qd3 fxg2 41. Kxg2 Nh5 42. Rf1 Bg5 43. Rxf7+ Ke8 44. Qd1 Nf6 45. Rxf6 Bxf6 46. Qh5+ Kd7 47. Qf7+ Be7 48. Nef5 Qf8 49. Qh7 Qf6 50. Nxd4 Qg5+ 51. Kf2 Qh4+ 52. Ke2 Qh2+ 53. Kd3 Qg3+ 54. Kc2 Qf2+ 55. Kb3 Qe3+ 56. Kc2 Qf2+ 57. Kb3 Qe3+ 58. Ka4 Qxd4 59. Qf5+ Kd8 60. Kb3 Qd1+ 1/2-1/2

[Event "4th Baskent University Open 2019"]
[Site "Ankara"]
[Date "2019.06.18"]
[Round "3"]
[White "Yilmaz, Goktan"]
[Black "Odeev, Handszar"]
[Result "1/2-1/2"]
[ECO "B32"]
[WhiteElo "2155"]
[BlackElo "2386"]
[Annotator "NA"]
[PlyCount "133"]
[EventDate "2019.06.18"]
[EventType "swiss"]
[EventCountry "TUR"]
[SourceTitle "playchess.com"]
[Source "ChessBase"]
[SourceQuality "1"]
[TimeControl "5400+30"]

1. e4 c5 2. Nf3 Nc6 3. d4 cxd4 4. Nxd4 e5 5. Nb5 d6 6. N1c3 a6 7. Na3 Be6 8. Nc4 Rc8 9. Ne3 Nf6 10. g3 h5 11. h3 g6 12. Bg2 Bh6 13. Ncd5 Bxd5 14. Nxd5 Bxc1 15. Rxc1 h4 16. Nxf6+ Qxf6 17. O-O Kf8 18. c3 Kg7 19. Qd2 Nd8 20. Rcd1 Rc6 21. f4 hxg3 22. fxe5 Qxe5 23. Qe2 Ne6 24. Qg4 Qg5 25. Qf3 Rf8 26. Rd5 Qh4 27. Qe3 f6 28. Rd3 Ng5 29. Qxg3 Qxg3 30. Rxg3 Rc5 31. Rd3 Nf7 32. Rfd1 Re5 33. Rd5 Re7 34. c4 Rc8 35. b3 Rc5 36. Kf2 Rxd5 37. Rxd5 Rc7 38. Ke3 Kf8 39. Rd2 Ke7 40. Kd4 Ne5 41. Rf2 Rc8 42. Bf1 Rh8 43. Ke3 g5 44. Rc2 Nd7 45. b4 Rc8 46. Kd4 Nf8 47. Be2 Ne6+ 48. Ke3 a5 49. a3 axb4 50. axb4 Ra8 51. Rc3 Ra4 52. Rb3 Ra1 53. Bg4 Re1+ 54. Kd3 Nf4+ 55. Kd4 Ra1 56. c5 Ne6+ 57. Bxe6 Kxe6 58. Rf3 Rd1+ 59. Kc4 Re1 60. cxd6 Rxe4+ 61. Kc5 b6+ 62. Kxb6 Rxb4+ 63. Kc5 Rb1 64. Re3+ Kd7 65. Re7+ Kd8 66. Rf7 Rb3 67. Rxf6 1/2-1/2

[Event "4th Baskent University Open 2019"]
[Site "Ankara"]
[Date "2019.06.18"]
[Round "3"]
[White "Kizilkus, Akin"]
[Black "Ergani, Efe"]
[Result "1/2-1/2"]
[ECO "A65"]
[WhiteElo "2131"]
[BlackElo "1748"]
[Annotator "NA"]
[PlyCount "83"]
[EventDate "2019.06.18"]
[EventType "swiss"]
[EventCountry "TUR"]
[SourceTitle "playchess.com"]
[Source "ChessBase"]
[SourceQuality "1"]
[TimeControl "5400+30"]

1. d4 Nf6 2. c4 c5 3. d5 e6 4. Nc3 exd5 5. cxd5 d6 6. e4 g6 7. Bd3 Bg7 8. h3 O-O 9. Bg5 Na6 10. Nf3 Nc7 11. a4 Rb8 12. O-O a6 13. a5 b5 14. axb6 Rxb6 15. Qc2 Nb5 16. Be3 Nd7 17. Nd2 Ne5 18. Nxb5 axb5 19. Be2 Rb8 20. Kh1 f5 21. f4 Nf7 22. Bf3 fxe4 23. Nxe4 Re8 24. Bf2 b4 25. Qd2 Bf5 26. Rfe1 Ra8 27. Ng3 Nh6 28. Be2 Qf6 29. Nxf5 Nxf5 30. Rxa8 Rxa8 31. g4 Nd4 32. Bd1 Qf7 33. Bxd4 Qxd5+ 34. Qg2 Qxg2+ 35. Kxg2 Bxd4 36. Bf3 Ra7 37. Bd5+ Kf8 38. b3 Ra2+ 39. Kh1 Rf2 40. Re6 Rxf4 41. Rxd6 Rf2 42. Re6 1/2-1/2

[Event "4th Baskent University Open 2019"]
[Site "Ankara"]
[Date "2019.06.18"]
[Round "3"]
[White "Buke, Furkan"]
[Black "Gunduz, Umut Erdem"]
[Result "0-1"]
[ECO "C41"]
[WhiteElo "1935"]
[BlackElo "2302"]
[Annotator "NA"]
[PlyCount "132"]
[EventDate "2019.06.18"]
[EventType "swiss"]
[EventCountry "TUR"]
[SourceTitle "playchess.com"]
[Source "ChessBase"]
[SourceQuality "1"]
[TimeControl "5400+30"]

1. e4 d6 2. d4 Nf6 3. Nc3 e5 4. Nf3 Nbd7 5. Bc4 Be7 6. a4 O-O 7. O-O a5 8. Re1 c6 9. Ba2 Qc7 10. h3 exd4 11. Nxd4 Nc5 12. Qf3 Re8 13. Bf4 Ne6 14. Nxe6 Bxe6 15. Bxe6 fxe6 16. e5 dxe5 17. Bxe5 Qb6 18. Ne4 Rf8 19. Qg3 Nh5 20. Qg4 Rf5 21. Bc3 Raf8 22. Rad1 e5 23. Qe2 Nf4 24. Qe3 Qa6 25. Ng3 R5f7 26. Bxe5 Nd5 27. Qe2 Rxf2 28. Qxf2 Rxf2 29. Kxf2 Bc5+ 30. Bd4 Bxd4+ 31. Rxd4 Qb6 32. Red1 Qxb2 33. R1d2 Qc3 34. R4d3 Qc5+ 35. Rd4 Nf6 36. Kg1 b5 37. Kh1 Qa3 38. Nf5 bxa4 39. c4 Qc5 40. Rf4 a3 41. Rf3 h5 42. Ra2 Ne4 43. Ng3 Nd6 44. Raxa3 h4 45. Ne2 Qxc4 46. Nc3 Nb5 47. Nxb5 cxb5 48. Rac3 Qe4 49. Rc5 Qb1+ 50. Kh2 a4 51. Rff5 a3 52. Rxb5 a2 53. Rxb1 axb1=Q 54. Rf3 Kh7 55. Re3 Kh6 56. Rc3 Qe4 57. Rf3 Qxf3 58. gxf3 Kg5 59. Kg2 Kf4 60. Kf2 g5 61. Ke2 Kg3 62. Ke3 Kxh3 63. Kf2 Kh2 64. f4 gxf4 65. Kf3 Kg1 66. Kxf4 h3 0-1

[Event "4th Baskent University Open 2019"]
[Site "Ankara"]
[Date "2019.06.18"]
[Round "3"]
[White "Yildirim, Ibrahim Halil"]
[Black "Tepeli, Sugra"]
[Result "1/2-1/2"]
[ECO "C28"]
[WhiteElo "1787"]
[BlackElo "1426"]
[Annotator "NA"]
[PlyCount "63"]
[EventDate "2019.06.18"]
[EventType "swiss"]
[EventCountry "TUR"]
[SourceTitle "playchess.com"]
[Source "ChessBase"]
[SourceQuality "1"]
[TimeControl "5400+30"]

1. e4 e5 2. Bc4 Nf6 3. d3 Nc6 4. Nc3 Na5 5. Nge2 Bc5 6. O-O O-O 7. a3 Nxc4 8. dxc4 d6 9. Qd3 Be6 10. b4 Bb6 11. Nd5 Nxd5 12. cxd5 Bd7 13. Be3 Bxe3 14. Qxe3 f5 15. exf5 Bxf5 16. c4 Qh4 17. Rac1 Rf7 18. c5 Bg6 19. cxd6 cxd6 20. Rc3 a6 21. Rfc1 Raf8 22. f3 Qf6 23. Ng3 Qf4 24. Ne4 Qxe3+ 25. Rxe3 Bxe4 26. Rxe4 Rf4 27. Rc7 R8f7 28. Rc8+ Rf8 29. Rc7 R8f7 30. Rc8+ Rf8 31. Rc7 b6 32. Rc8 1/2-1/2

[Event "4th Baskent University Open 2019"]
[Site "Ankara"]
[Date "2019.06.18"]
[Round "3"]
[White "Sahin, Arda"]
[Black "Sakmak, Kutay"]
[Result "1-0"]
[ECO "A43"]
[WhiteElo "1710"]
[BlackElo "1355"]
[Annotator "NA"]
[PlyCount "87"]
[EventDate "2019.06.18"]
[EventType "swiss"]
[EventCountry "TUR"]
[SourceTitle "playchess.com"]
[Source "ChessBase"]
[SourceQuality "1"]
[TimeControl "5400+30"]

1. d4 Nf6 2. Bf4 c5 3. d5 d6 4. Nc3 g6 5. e4 Bg7 6. Nf3 Nbd7 7. Bd3 Qb6 8. Rb1 Ng4 9. O-O O-O 10. Nd2 Nge5 11. Be2 h6 12. Be3 Nf6 13. h3 Qd8 14. f4 Ned7 15. Nc4 b5 16. e5 bxc4 17. exf6 Nxf6 18. Bxc4 Rb8 19. Qd2 Kh7 20. Rfe1 Rb4 21. Qe2 h5 22. a3 Rb8 23. b4 cxb4 24. Rxb4 Ra8 25. Bd4 Re8 26. Qf2 a5 27. Bb6 Qd7 28. Bb5 Qf5 29. Rbb1 Bd7 30. Bd3 Ne4 31. Nxe4 Qxd5 32. Ng5+ Kg8 33. Be4 Qc4 34. Bxa8 Rxa8 35. Re4 Qa2 36. Rbe1 e6 37. Bd4 Qxa3 38. Ra1 Qxa1+ 39. Bxa1 Bxa1 40. g4 a4 41. gxh5 a3 42. hxg6 fxg6 43. Qh4 Be8 44. Qh7+ 1-0

[Event "4th Baskent University Open 2019"]
[Site "Ankara"]
[Date "2019.06.18"]
[Round "3"]
[White "Cevizci, Yusuf Baran"]
[Black "Kaplan, Cem Azad"]
[Result "1-0"]
[ECO "C02"]
[WhiteElo "1670"]
[BlackElo "1598"]
[Annotator "NA"]
[PlyCount "165"]
[EventDate "2019.06.18"]
[EventType "swiss"]
[EventCountry "TUR"]
[SourceTitle "playchess.com"]
[Source "ChessBase"]
[SourceQuality "1"]
[TimeControl "5400+30"]

1. e4 e6 2. d4 d5 3. e5 c5 4. c3 Nc6 5. Nf3 Qb6 6. Na3 Nh6 7. Bd3 c4 8. Be2 Bxa3 9. bxa3 Nf5 10. O-O Qa5 11. Qc2 Bd7 12. Rb1 Nd8 13. Bd1 b5 14. h3 a6 15. Re1 Nc6 16. Be2 h6 17. Bb2 Qd8 18. Bc1 Nh4 19. a4 Nxf3+ 20. Bxf3 Ne7 21. Ba3 O-O 22. Bg4 Re8 23. f4 g6 24. Qf2 Nf5 25. Bxf5 gxf5 26. Qf3 Qh4 27. Kh2 Kg7 28. a5 Rg8 29. Bc5 Kh7 30. g3 Qd8 31. Bb4 Rg6 32. Rg1 Bc6 33. Qh5 Ra7 34. g4 fxg4 35. Rxg4 Rxg4 36. hxg4 Qg8 37. Rh1 Qg6 38. Qxg6+ Kxg6 39. Kg3 Ra8 40. Kf3 Rh8 41. Rg1 Be8 42. Be7 Bd7 43. a3 Re8 44. Bf6 Rc8 45. Rh1 Re8 46. Ke3 Rc8 47. Kf3 Re8 48. Kg3 Rc8 49. Rh5 Rg8 50. Kh4 Kh7 51. Bg5 Rg6 52. Be7 Kg7 53. g5 Kg8 54. gxh6 Kh7 55. Bf8 Rg1 56. Rg5 Rh1+ 57. Kg4 Rg1+ 58. Kh3 Rxg5 59. fxg5 Kg6 60. Kg4 Be8 61. Kf4 Kh7 62. a4 bxa4 63. Ba3 Kg6 64. Bc1 a3 65. Bxa3 Ba4 66. Be7 Bc2 67. Ke3 Kh7 68. Kd2 Ba4 69. Kc1 Kg8 70. Kb2 Be8 71. Ka3 Bd7 72. Kb4 Bb5 73. Kc5 Ba4 74. Kb6 Bb5 75. Kc7 Ba4 76. Kd6 Bc2 77. Bf6 Kh7 78. Bd8 Kg8 79. g6 fxg6 80. Kxe6 g5 81. Bxg5 Be4 82. Kf6 Kf8 83. e6 1-0

[Event "4th Baskent University Open 2019"]
[Site "Ankara"]
[Date "2019.06.18"]
[Round "3"]
[White "Genc, Mehmet Emin"]
[Black "Taban, Yagiz"]
[Result "0-1"]
[ECO "A83"]
[WhiteElo "1666"]
[BlackElo "1654"]
[Annotator "NA"]
[PlyCount "64"]
[EventDate "2019.06.18"]
[EventType "swiss"]
[EventCountry "TUR"]
[SourceTitle "playchess.com"]
[Source "ChessBase"]
[SourceQuality "1"]
[TimeControl "5400+30"]

1. d4 f5 2. e4 fxe4 3. Nc3 Nf6 4. Bg5 g6 5. f3 exf3 6. Nxf3 Bg7 7. Qd2 d6 8. O-O-O Bg4 9. Be2 Nbd7 10. h3 Be6 11. Bh6 O-O 12. Bxg7 Kxg7 13. h4 h5 14. Ng5 Bf5 15. Rhf1 Qe8 16. Rxf5 gxf5 17. Ne6+ Kh7 18. Nxc7 Qg6 19. Nxa8 Rxa8 20. Bd3 Ne4 21. Qf4 Ndf6 22. Rf1 e6 23. Nxe4 Nxe4 24. Bxe4 fxe4 25. Qxd6 Rg8 26. Qe5 Rg7 27. Rf6 Qxg2 28. Qxh5+ Kg8 29. Rxe6 Qg1+ 30. Qd1 Qe3+ 31. Qd2 Qg1+ 32. Qd1 Qe3+ 0-1

[Event "4th Baskent University Open 2019"]
[Site "Ankara"]
[Date "2019.06.18"]
[Round "3"]
[White "Ince, Taylan Ruzgar"]
[Black "Keseroglu, Yigit Can"]
[Result "0-1"]
[ECO "B11"]
[WhiteElo "1654"]
[BlackElo "1559"]
[Annotator "NA"]
[PlyCount "63"]
[EventDate "2019.06.18"]
[EventType "swiss"]
[EventCountry "TUR"]
[SourceTitle "playchess.com"]
[Source "ChessBase"]
[SourceQuality "1"]
[TimeControl "5400+30"]

1. e4 c6 2. Nc3 d5 3. Nf3 dxe4 4. Nxe4 Bf5 5. Ng3 Bg6 6. h4 h6 7. Ne5 Bh7 8. Qh5 g6 9. Qf3 Nf6 10. Bc4 e6 11. c3 Nbd7 12. Nxd7 Nxd7 13. d4 Bg7 14. Bf4 O-O 15. Qe3 e5 16. dxe5 Nxe5 17. Bxe5 Bxe5 18. O-O Qc7 19. Qxh6 Bf4 20. Qxf8+ Rxf8 21. Ne4 Bh2+ 22. Kh1 Qf4 23. Ng5 Qxc4 24. Kxh2 Qxh4+ 25. Nh3 g5 26. g3 Qh5 27. Kg2 g4 28. Ng1 Bd3 29. Rfe1 f5 30. Re3 Rd8 31. Rae1 Be4+ 32. Kf1 0-1

[Event "4th Baskent University Open 2019"]
[Site "Ankara"]
[Date "2019.06.18"]
[Round "3"]
[White "Gocer, Onur Saygin"]
[Black "Alak, Agdar"]
[Result "1/2-1/2"]
[ECO "B02"]
[WhiteElo "1595"]
[BlackElo "1529"]
[Annotator "NA"]
[PlyCount "98"]
[EventDate "2019.06.18"]
[EventType "swiss"]
[EventCountry "TUR"]
[SourceTitle "playchess.com"]
[Source "ChessBase"]
[SourceQuality "1"]
[TimeControl "5400+30"]

1. e4 Nf6 2. Nc3 d5 3. exd5 Nxd5 4. d4 Nxc3 5. bxc3 g6 6. Nf3 Bg7 7. Bd3 O-O 8. O-O Nd7 9. Bb2 c5 10. Re1 Re8 11. Rb1 Rb8 12. d5 Qa5 13. c4 Qxa2 14. Bxg7 Kxg7 15. Ra1 Qb2 16. Rxa7 Qb6 17. Qa1+ Qf6 18. Qxf6+ Nxf6 19. Rb1 e6 20. Rb5 exd5 21. Rxc5 dxc4 22. Bxc4 Be6 23. h3 Bxc4 24. Rxc4 Re7 25. Nd4 Rd7 26. Nb3 b6 27. Rcc7 Rbd8 28. Rab7 Rxc7 29. Rxc7 Rd7 30. Rc6 Rb7 31. Nd4 Rd7 32. Nf3 Rb7 33. Ne5 b5 34. Rc3 Nd5 35. Rb3 f6 36. Nc6 Rb6 37. Nb4 Nxb4 38. Rxb4 Rc6 39. Rxb5 Rxc2 40. Rb7+ Kh6 41. Rf7 Rc6 42. f4 f5 43. Kf2 Rc3 44. Re7 Rb3 45. Re3 Rxe3 46. Kxe3 g5 47. fxg5+ Kxg5 48. g3 h5 49. Kf3 h4 1/2-1/2

[Event "4th Baskent University Open 2019"]
[Site "Ankara"]
[Date "2019.06.18"]
[Round "3"]
[White "Gulceken, Sumeyye"]
[Black "Kanli, Alperen"]
[Result "1/2-1/2"]
[ECO "D20"]
[WhiteElo "1498"]
[BlackElo "1790"]
[Annotator "NA"]
[PlyCount "109"]
[EventDate "2019.06.18"]
[EventType "swiss"]
[EventCountry "TUR"]
[SourceTitle "playchess.com"]
[Source "ChessBase"]
[SourceQuality "1"]
[TimeControl "5400+30"]

1. d4 d5 2. c4 dxc4 3. e3 Nf6 4. Bxc4 e6 5. Nc3 a6 6. a4 b6 7. Nge2 Bb7 8. O-O Nbd7 9. Qb3 Bd6 10. f3 c5 11. d5 exd5 12. Nxd5 O-O 13. Nxf6+ Nxf6 14. e4 Qc7 15. g3 h6 16. Bf4 Bxf4 17. gxf4 Rad8 18. Rf2 Kh8 19. Rg2 Nh5 20. Qc3 Qd6 21. Rf1 Bc8 22. f5 Qd7 23. Kh1 Qd2 24. Qb3 Qb4 25. Bxf7 Qxb3 26. Bxb3 b5 27. axb5 axb5 28. Be6 Bxe6 29. fxe6 Rd2 30. Nf4 Rxg2 31. Nxg2 Re8 32. Rd1 Rxe6 33. Rd5 Ra6 34. Kg1 g5 35. Rxc5 Ra1+ 36. Kf2 b4 37. Rb5 Rc1 38. Rxb4 Rc2+ 39. Kf1 Rc1+ 40. Ne1 Nf4 41. Rd4 Rb1 42. Rd2 Kg7 43. Kf2 Nh3+ 44. Kg3 Nf4 45. Ng2 Nh5+ 46. Kg4 Nf6+ 47. Kf5 Rf1 48. f4 gxf4 49. e5 Nh5 50. Rd7+ Kf8 51. e6 f3 52. Nf4 Ng7+ 53. Kf6 Ne8+ 54. Kf5 Ng7+ 55. Ke4 1/2-1/2

[Event "4th Baskent University Open 2019"]
[Site "Ankara"]
[Date "2019.06.18"]
[Round "3"]
[White "Dolek, Gokalp Deniz"]
[Black "Kurt, Emre"]
[Result "1-0"]
[ECO "B92"]
[WhiteElo "1352"]
[BlackElo "1681"]
[Annotator "NA"]
[PlyCount "95"]
[EventDate "2019.06.18"]
[EventType "swiss"]
[EventCountry "TUR"]
[SourceTitle "playchess.com"]
[Source "ChessBase"]
[SourceQuality "1"]
[TimeControl "5400+30"]

1. e4 c5 2. Nf3 d6 3. d4 cxd4 4. Nxd4 Nf6 5. Nc3 a6 6. Be2 e5 7. Nb3 Be7 8. Be3 Be6 9. O-O Nbd7 10. Qd2 O-O 11. Rad1 Qc7 12. Nd5 Bxd5 13. exd5 Ne4 14. Qb4 f5 15. c4 f4 16. Bc1 b6 17. Bf3 Nef6 18. Rfe1 g5 19. Nd4 Nc5 20. Nc6 Rae8 21. b3 h5 22. Bb2 Bd8 23. Qd2 g4 24. Be2 Nfe4 25. Qc2 a5 26. a3 Nxf2 27. Kxf2 Bh4+ 28. Kg1 Bxe1 29. Rxe1 Qg7 30. b4 f3 31. bxc5 f2+ 32. Kf1 fxe1=Q+ 33. Kxe1 bxc5 34. Bc1 g3 35. h3 Rf2 36. Qe4 Ref8 37. Be3 R2f5 38. Kd2 Qb7 39. Kc3 a4 40. Bd1 Kg7 41. Bc2 R8f6 42. Nd8 Qa8 43. Ne6+ Kg8 44. Qh4 Qa5+ 45. Kb2 Qe1 46. Bxf5 Rxf5 47. Qd8+ Kh7 48. Qe7+ 1-0

[Event "4th Baskent University Open 2019"]
[Site "Ankara"]
[Date "2019.06.19"]
[Round "4"]
[White "Nagy, Gabor"]
[Black "Darban, Morteza"]
[Result "1/2-1/2"]
[ECO "A40"]
[WhiteElo "2471"]
[BlackElo "2264"]
[Annotator "ChessBase"]
[PlyCount "74"]
[EventDate "2019.06.18"]
[EventType "swiss"]
[EventCountry "TUR"]
[SourceTitle "playchess.com"]
[Source "ChessBase"]
[SourceQuality "1"]
[TimeControl "5400+30"]

1. Nf3 c5 2. c4 g6 3. d4 Bg7 4. dxc5 Na6 5. g3 Nxc5 6. Bg2 Nf6 7. Nc3 b6 8. e4 Bb7 9. e5 Ng4 10. O-O Nxe5 11. Nxe5 Bxe5 12. Bxb7 Nxb7 13. Bh6 Bxc3 14. bxc3 Nc5 15. Re1 Ne6 16. a4 Rc8 17. Qd3 Rc5 18. a5 bxa5 19. Rab1 Rh5 20. Qe3 f6 21. Qxa7 Kf7 22. Be3 Re8 23. Rb7 Nf8 24. Reb1 Qa8 25. Qb6 a4 26. c5 Rc8 27. Qb5 a3 28. Qb3+ Kg7 29. Ra1 Qa6 30. Rxa3 Qe2 31. Ra2 Qf3 32. Rd2 Re5 33. c4 g5 34. Rd5 Ra8 35. Rd1 Ra3 36. Qxa3 Qxd1+ 37. Kg2 g4 1/2-1/2